VANCOUVER Canucks vs NEW YORK Islanders

Created - 13 novembre 2018 at 16:06

Goals
1 2 3 T
VANCOUVER Canucks 1 1 2 4
NEW YORK Islanders 0 1 1 2
Shots
1 2 3 T
VANCOUVER Canucks 8 11 16 35
NEW YORK Islanders 3 11 7 21

1st period

1. VANCOUVER Canucks , Daniel Winnik 3 (Riley Sheahan 4, Andrew Cogliano 6) at 11:41

Penalties :
No Penalty

2nd period

2. NEW YORK Islanders , Jay Beagle 4 (Derek Forbort 10, Brett Connolly 4) at 12:31 (PP)
3. VANCOUVER Canucks , Christopher Tanev 4 (Daniel Winnik 3, Andrew Cogliano 7) at 17:24 (PP)

Penalties :
Zach Bogosian (VAN) for Goalie Interference (Minor) at 10:35, Clarke MacArthur (NYI) for Slashing (Minor) at 16:50

3rd period

4. VANCOUVER Canucks , Daniel Winnik 4 (Riley Sheahan 5, Andrew Cogliano 8) at 9:55
5. NEW YORK Islanders , Martin Hanzal 1 (Ryan Murray 4, Adam Lowry 7) at 18:59
6. VANCOUVER Canucks , Johnny Gaudreau 11 (Patric Hornqvist 9, Jason Demers 2) at 19:09 (Empty Net)

Penalties :
Dmitrij Jaskin (NYI) for Hooking (Minor) at 7:04

Goalie Stats

Martin Jones (VAN), 19 saves from 21 shots - (0,905), W, 11-9-0, 60:00 minutes
Ryan Miller (NYI), 31 saves from 34 shots - (0,912), L, 6-9-2, 59:54 minutes

Players Stats for VANCOUVER Canucks

Player Name              G  A  P  +/- PIM S  H  SB GA TA FO     MP     PP MP  PK MP  
------------------------------------------------------------------------------------
Andrew Cogliano          0  3  3   3  0   1  0  1  0  0  2/6    19:25   1:43   0:46 
Ben Smith                0  0  0  -1  0   2  1  0  0  0  7/13   15:58   0:50   0:00 
Christopher Tanev        1  0  1   1  0   2  1  1  0  0  0/0    23:11   1:43   1:20 
Daniel Winnik            2  1  3   2  0   6  3  0  0  0  1/1    18:29   1:43   0:00 
Gabriel Dumont           0  0  0   0  0   0  0  0  0  0  0/7     5:34   0:00   0:00 
Jake McCabe              0  0  0   0  0   1  2  3  0  0  0/0    21:36   1:43   1:15 
Jason Demers             0  1  1   1  0   1  1  0  0  0  0/0    16:38   0:50   0:20 
Joakim Ryan              0  0  0   0  0   0  2  1  0  0  0/0    15:48   0:50   0:00 
Johnny Gaudreau          1  0  1   1  0   5  0  0  0  0  0/0    19:18   0:00   1:15 
Justin Bailey            0  0  0   0  0   0  1  0  0  0  0/0     6:04   0:50   0:00 
Lance Bouma              0  0  0  -1  0   4  4  1  0  0  1/1    15:28   0:00   0:00 
Matt Calvert             0  0  0  -1  0   5  2  0  0  0  1/1    16:51   1:43   0:00 
Milan Michalek           0  0  0   0  0   0  0  0  0  0  0/0     1:06   0:50   0:16 
Patric Hornqvist         0  1  1   1  0   1  2  1  0  0  1/1    24:02   0:00   0:25 
Paul Postma              0  0  0   1  0   0  1  0  0  0  0/0    21:02   0:00   0:57 
Riley Sheahan            0  2  2   2  0   3  1  1  0  0  7/17   16:46   0:00   0:00 
Tomas Plekanec           0  0  0   0  0   3  0  0  0  0  13/24  19:03   0:00   1:10 
Zach Bogosian            0  0  0   1  2   1  4  1  0  0  0/0    21:44   0:00   0:00 

Players Stats for NEW YORK Islanders

Player Name              G  A  P  +/- PIM S  H  SB GA TA FO     MP     PP MP  PK MP  
------------------------------------------------------------------------------------
Adam Lowry               0  1  1  -1  0   1  2  1  0  0  0/0    23:35   0:00   0:14 
Andrew Ladd              0  0  0  -1  0   2  1  0  0  0  0/1    16:19   0:00   0:15 
Brett Connolly           0  1  1   0  0   1  1  0  0  0  0/1    19:01   1:07   0:00 
Clarke MacArthur         0  0  0   0  2   0  0  0  0  0  0/0    13:44   0:00   0:00 
Colton Parayko           0  0  0  -1  0   3  2  2  0  0  0/0    19:15   0:49   1:02 
Derek Forbort            0  1  1  -2  0   1  0  3  0  0  0/0    24:55   1:07   0:54 
Dmitrij Jaskin           0  0  0  -1  2   2  0  0  0  0  8/17   18:52   0:49   0:00 
Jay Beagle               1  0  1   0  0   2  0  0  0  0  11/14  16:04   1:07   1:12 
Joakim Nordstrom         0  0  0   0  0   3  2  1  0  0  0/1    14:39   0:00   0:33 
Justin Abdelkader        0  0  0  -1  0   0  0  0  0  0  1/2     7:48   0:00   0:00 
Kevin Connauton          0  0  0  -1  0   1  0  2  0  0  0/0    16:00   1:07   1:15 
Martin Hanzal            1  0  1   0  0   2  0  0  0  0  5/9    10:11   0:49   1:44 
Martin Marincin          0  0  0   1  0   0  2  3  0  0  0/0    19:46   0:15   0:48 
Matt Beleskey            0  0  0   0  0   0  0  0  0  0  0/0     0:00   0:00   0:00 
Matt Moulson             0  0  0   0  0   2  0  0  0  0  0/1    19:02   0:34   0:34 
Radek Faksa              0  0  0  -2  0   1  1  0  0  0  13/25  18:10   1:22   0:34 
Ryan Murray              0  1  1   1  0   0  0  0  0  0  0/0    19:14   0:00   0:15 
Slater Koekkoek          0  0  0  -2  0   0  1  5  0  0  0/0    20:50   0:34   0:52 

3 Stars

1 - Daniel Winnik (VAN)
2 - Andrew Cogliano (VAN)
3 - Riley Sheahan (VAN)

Power Play

VANCOUVER Canucks - 1 on 2 Attempt(s) - 50,00%
NEW YORK Islanders - 1 on 1 Attempt(s) - 100,00%

Penalty Kill

VANCOUVER Canucks - 0 on 1 Attempt(s) - 0,00% - Score 0 goal in Penalty Kill
NEW YORK Islanders - 1 on 2 Attempt(s) - 50,00% - Score 0 goal in Penalty Kill

Team Stat

VANCOUVER Canucks - Hits : 25 - Faceoff Wins : 33 - Blocked Shots : 10 - Penalty Minutes : 2
NEW YORK Islanders - Hits : 12 - Faceoff Wins : 38 - Blocked Shots : 17 - Penalty Minutes : 4

Official

Referees : Unknown
Linesman : Unknown

Game Notes

Johnny Gaudreau has scored in a empty net!

Finance

Level 1 -- Attendance: 5919 (98,65%) -- Ticket Income 503 115 $
Level 2 -- Attendance: 5500 (100,00%) -- Ticket Income 275 000 $
Level 3 -- Attendance: 2605 (86,83%) -- Ticket Income 65 125 $
Level 4 -- Attendance: 2959 (59,18%) -- Ticket Income 65 098 $
Luxury Box -- Attendance: 684 (68,40%) -- Ticket Income 147 060 $
Game was played at the Barclays Center.
Total Attendance: 17667 (86,18%)
Total Ticket Income: 1 055 398 $
Other Income: 411 605 $
Total Income: 1 467 003 $

VANCOUVER Canucks

5 vs 5 Forward 
   Center                   Left Wing                Right Wing               Time % Phy DF OF 
 1 Tomas Plekanec           Johnny Gaudreau          Patric Hornqvist         40     0   3  2  
 2 Riley Sheahan            Daniel Winnik            Andrew Cogliano          30     0   4  1  
 3 Ben Smith                Lance Bouma              Matt Calvert             20     0   5  0  
 4 Gabriel Dumont           Patric Hornqvist         Justin Bailey            10     0   5  0  

5 vs 5 Defense 
   Defense                  Defense                                           Time % Phy DF OF 
 1 Paul Postma              Zach Bogosian                                     40     0   4  1  
 2 Christopher Tanev        Jake McCabe                                       30     0   4  1  
 3 Jason Demers             Joakim Ryan                                       20     0   5  0  
 4 Christopher Tanev        Zach Bogosian                                     10     0   5  0  

PowerPlay Forward 
   Center                   Left Wing                Right Wing               Time % Phy DF OF 
 1 Tomas Plekanec           Johnny Gaudreau          Patric Hornqvist         60     0   1  4  
 2 Andrew Cogliano          Daniel Winnik            Matt Calvert             40     0   1  4  

PowerPlay Defense
   Defense                  Defense                                           Time % Phy DF OF 
 1 Paul Postma              Zach Bogosian                                     60     0   3  2  
 2 Christopher Tanev        Jake McCabe                                       40     0   2  3  

Penalty Kill 4 Players Forward 
   Center                   Wing                     Time % Phy DF OF 
 1 Tomas Plekanec           Johnny Gaudreau          60     0   5  0  
 2 Andrew Cogliano          Patric Hornqvist         40     0   5  0  

Penalty Kill 4 Players Defense
   Defense                  Defense                  Time % Phy DF OF 
 1 Paul Postma              Zach Bogosian            60     0   5  0  
 2 Christopher Tanev        Jake McCabe              40     0   5  0  

Penalty Kill - 3 Players Forward 
   Forward                                           Time % Phy DF OF 
 1 Johnny Gaudreau                                   60     0   4  1  
 2 Patric Hornqvist                                  40     0   4  1  

Penalty Kill - 3 Players Defense
   Defense                  Defense                  Time % Phy DF OF 
 1 Joakim Ryan              Zach Bogosian            60     0   5  0  
 2 Christopher Tanev        Jake McCabe              40     0   5  0  

4 vs 4 Forward 
   Center                   Wing                     Time % Phy DF OF 
 1 Tomas Plekanec           Johnny Gaudreau          60     0   2  3  
 2 Andrew Cogliano          Patric Hornqvist         40     0   2  3  

4 vs 4 Defense
   Defense                  Defense                  Time % Phy DF OF 
 1 Jason Demers             Zach Bogosian            60     0   4  1  
 2 Christopher Tanev        Jake McCabe              40     0   4  1  

Last Minutes Offensive
   Center                   Left Wing                Right Wing               Defense                  Defense                  
   Tomas Plekanec           Johnny Gaudreau          Patric Hornqvist         Paul Postma              Andrew Cogliano          

Last Minutes Defensive
   Center                   Left Wing                Right Wing               Defense                  Defense                  
   Andrew Cogliano          Johnny Gaudreau          Patric Hornqvist         Jason Demers             Christopher Tanev        

Goaltenders
Starting : Martin Jones             
Backup : Keith Kinkaid            

Extra Forwards
Normal : Johnny Gaudreau, Patric Hornqvist, Andrew Cogliano - PP : Johnny Gaudreau, Patric Hornqvist - PK : Tomas Plekanec
Extra Defensemen
Normal : Christopher Tanev, Zach Bogosian, Jake McCabe - PP : Zach Bogosian - PK : Christopher Tanev, Jake McCabe
Penalty Shots
Patric Hornqvist, Johnny Gaudreau, Andrew Cogliano, Tomas Plekanec, Daniel Winnik

NEW YORK Islanders

5 vs 5 Forward 
   Center                   Left Wing                Right Wing               Time % Phy DF OF 
 1 Radek Faksa              Andrew Ladd              Adam Lowry               40     1   2  2  
 2 Dmitrij Jaskin           Matt Moulson             Brett Connolly           30     1   2  2  
 3 Martin Hanzal            Adam Lowry               Justin Abdelkader        20     1   2  2  
 4 Jay Beagle               Clarke MacArthur         Joakim Nordstrom         10     1   2  2  

5 vs 5 Defense 
   Defense                  Defense                                           Time % Phy DF OF 
 1 Slater Koekkoek          Derek Forbort                                     40     1   2  2  
 2 Ryan Murray              Martin Marincin                                   30     1   2  2  
 3 Colton Parayko           Kevin Connauton                                   20     1   2  2  
 4 Derek Forbort            Colton Parayko                                    10     1   2  2  

PowerPlay Forward 
   Center                   Left Wing                Right Wing               Time % Phy DF OF 
 1 Radek Faksa              Brett Connolly           Jay Beagle               60     1   2  2  
 2 Martin Hanzal            Matt Moulson             Dmitrij Jaskin           40     1   2  2  

PowerPlay Defense
   Defense                  Defense                                           Time % Phy DF OF 
 1 Colton Parayko           Slater Koekkoek                                   60     1   2  2  
 2 Derek Forbort            Kevin Connauton                                   40     1   2  2  

Penalty Kill 4 Players Forward 
   Center                   Wing                     Time % Phy DF OF 
 1 Jay Beagle               Martin Hanzal            60     1   2  2  
 2 Radek Faksa              Matt Moulson             40     1   2  2  

Penalty Kill 4 Players Defense
   Defense                  Defense                  Time % Phy DF OF 
 1 Derek Forbort            Slater Koekkoek          60     1   2  2  
 2 Kevin Connauton          Colton Parayko           40     1   2  2  

Penalty Kill - 3 Players Forward 
   Forward                                           Time % Phy DF OF 
 1 Jay Beagle                                        60     1   2  2  
 2 Radek Faksa                                       40     1   2  2  

Penalty Kill - 3 Players Defense
   Defense                  Defense                  Time % Phy DF OF 
 1 Slater Koekkoek          Colton Parayko           60     1   2  2  
 2 Kevin Connauton          Derek Forbort            40     1   2  2  

4 vs 4 Forward 
   Center                   Wing                     Time % Phy DF OF 
 1 Radek Faksa              Jay Beagle               60     1   2  2  
 2 Matt Moulson             Martin Hanzal            40     1   2  2  

4 vs 4 Defense
   Defense                  Defense                  Time % Phy DF OF 
 1 Colton Parayko           Slater Koekkoek          60     1   2  2  
 2 Martin Marincin          Derek Forbort            40     1   2  2  

Last Minutes Offensive
   Center                   Left Wing                Right Wing               Defense                  Defense                  
   Radek Faksa              Dmitrij Jaskin           Justin Abdelkader        Slater Koekkoek          Derek Forbort            

Last Minutes Defensive
   Center                   Left Wing                Right Wing               Defense                  Defense                  
   Martin Hanzal            Dmitrij Jaskin           Adam Lowry               Slater Koekkoek          Derek Forbort            

Goaltenders
Starting : Ryan Miller              
Backup : Ondrej Pavelec           

Extra Forwards
Normal : Radek Faksa, Matt Moulson, Jay Beagle - PP : Radek Faksa, Matt Moulson - PK : Jay Beagle
Extra Defensemen
Normal : Colton Parayko, Slater Koekkoek, Derek Forbort - PP : Slater Koekkoek - PK : Slater Koekkoek, Derek Forbort
Penalty Shots
Matt Moulson, Dmitrij Jaskin, Brett Connolly, Radek Faksa, Jay Beagle


% Time on Ice - VANCOUVER Canucks

Lines # - Real PCT - Wanted PCT - Time Play
Normal Forward
1 - 32% - 40% - 17:53
2 - 30% - 30% - 16:46
3 - 27% - 20% - 15:08
4 - 10% - 10% - 5:34
Normal Defense
1 - 37% - 40% - 20:25
2 - 30% - 30% - 16:42
3 - 27% - 20% - 14:58
4 - 6% - 10% - 3:16
PP Forward
1 - 0% - 60% - 0:00
2 - 100% - 40% - 2:33
PP Defense
1 - 0% - 60% - 0:00
2 - 100% - 40% - 2:33
PK Forward
1 - 78% - 60% - 1:31
2 - 22% - 40% - 0:25
PK Defense
1 - 68% - 60% - 1:19
2 - 32% - 40% - 0:37
PK3 Forward
1 - 0% - 60%
2 - 0% - 40%
PK3 Defense
1 - 0% - 60%
2 - 0% - 40%
44 Forward
1 - 0% - 60%
2 - 0% - 40%
44 Defense
1 - 0% - 60%
2 - 0% - 40%
Last Minute Offensive  - 0:00
Last Minute Defensive  - 0:10
Total
Forward - 60:00
Defense - 60:00

% Time on Ice - NEW YORK Islanders

Lines # - Real PCT - Wanted PCT - Time Play
Normal Forward
1 - 29% - 40% - 16:04
2 - 32% - 30% - 17:54
3 - 14% - 20% - 7:38
4 - 25% - 10% - 13:45
Normal Defense
1 - 35% - 40% - 19:14
2 - 34% - 30% - 18:43
3 - 25% - 20% - 13:38
4 - 7% - 10% - 3:46
PP Forward
1 - 58% - 60% - 1:07
2 - 42% - 40% - 0:49
PP Defense
1 - 42% - 60% - 0:49
2 - 58% - 40% - 1:07
PK Forward
1 - 78% - 60% - 1:59
2 - 22% - 40% - 0:34
PK Defense
1 - 44% - 60% - 1:08
2 - 56% - 40% - 1:25
PK3 Forward
1 - 0% - 60%
2 - 0% - 40%
PK3 Defense
1 - 0% - 60%
2 - 0% - 40%
44 Forward
1 - 0% - 60%
2 - 0% - 40%
44 Defense
1 - 0% - 60%
2 - 0% - 40%
Last Minute Offensive  - 0:10
Last Minute Defensive  - 0:00
Total
Forward - 60:00
Defense - 60:00

Play by Play

1st period


0:01 of 1st period - Radek Faksa wins face-off versus Tomas Plekanec in neutral zone.
0:39 of 1st period - Derek Forbort is hit by Zach Bogosian and loses puck.
1:18 of 1st period - Shot by Andrew Cogliano.
1:18 of 1st period - Shot Misses the Net.
1:20 of 1st period - Shot by Riley Sheahan.
1:20 of 1st period - Stopped by Ryan Miller without a rebound.
1:21 of 1st period - Jay Beagle wins face-off versus Ben Smith in NEW YORK Islanders zone.
2:42 of 1st period - Shot by Martin Hanzal.
2:42 of 1st period - Shot Blocked by Jake McCabe.
2:47 of 1st period - Daniel Winnik is hit by Slater Koekkoek and loses puck.
3:11 of 1st period - Icing by Jake McCabe.
3:12 of 1st period - Riley Sheahan wins face-off versus Dmitrij Jaskin in VANCOUVER Canucks zone.
4:20 of 1st period - Shot by Tomas Plekanec.
4:20 of 1st period - Shot Blocked by Joakim Nordstrom.
4:42 of 1st period - Shot by Patric Hornqvist.
4:42 of 1st period - Stopped by Ryan Miller without a rebound.
4:43 of 1st period - Radek Faksa wins face-off versus Gabriel Dumont in NEW YORK Islanders zone.
4:48 of 1st period - Jason Demers is hit by Radek Faksa and loses puck.
5:02 of 1st period - Shot by Jason Demers.
5:02 of 1st period - Stopped by Ryan Miller without a rebound.
5:03 of 1st period - Dmitrij Jaskin wins face-off versus Ben Smith in NEW YORK Islanders zone.
5:03 of 1st period - Dmitrij Jaskin is hit by Lance Bouma.
5:10 of 1st period - Martin Marincin is hit by Matt Calvert and loses puck.
5:14 of 1st period - Off-side.
5:15 of 1st period - Ben Smith wins face-off versus Radek Faksa in neutral zone.
5:24 of 1st period - Adam Lowry is hit by Lance Bouma and loses puck.
5:31 of 1st period - Shot by Adam Lowry.
5:31 of 1st period - Shot Blocked by Lance Bouma.
5:57 of 1st period - Shot by Radek Faksa.
5:57 of 1st period - Stopped by Martin Jones without a rebound.
5:58 of 1st period - Dmitrij Jaskin wins face-off versus Tomas Plekanec in VANCOUVER Canucks zone.
6:01 of 1st period - Shot by Dmitrij Jaskin.
6:01 of 1st period - Shot Blocked by Zach Bogosian.
6:04 of 1st period - Icing by Zach Bogosian.
6:05 of 1st period - Dmitrij Jaskin wins face-off versus Tomas Plekanec in VANCOUVER Canucks zone.
6:05 of 1st period - Dmitrij Jaskin is hit by Paul Postma.
6:57 of 1st period - Shot by Riley Sheahan.
6:57 of 1st period - Shot Blocked by Martin Marincin.
7:04 of 1st period - Brett Connolly is hit by Daniel Winnik and loses puck.
7:25 of 1st period - Shot by Andrew Ladd.
7:25 of 1st period - Shot Blocked by Andrew Cogliano.
8:31 of 1st period - Shot by Kevin Connauton.
8:31 of 1st period - Shot Blocked by Joakim Ryan.
8:33 of 1st period - Shot by Colton Parayko.
8:33 of 1st period - Stopped by Martin Jones without a rebound.
8:34 of 1st period - Tomas Plekanec wins face-off versus Martin Hanzal in VANCOUVER Canucks zone.
9:04 of 1st period - Shot by Patric Hornqvist.
9:04 of 1st period - Shot Blocked by Derek Forbort.
10:20 of 1st period - Shot by Ben Smith.
10:20 of 1st period - Deflect By Matt Calvert.
10:20 of 1st period - Stopped by Ryan Miller with a rebound.
10:22 of 1st period - Shot by Lance Bouma.
10:22 of 1st period - Stopped by Ryan Miller without a rebound.
10:23 of 1st period - Jay Beagle wins face-off versus Riley Sheahan in NEW YORK Islanders zone.
10:37 of 1st period - Shot by Jay Beagle.
10:37 of 1st period - Shot Misses the Net.
10:39 of 1st period - Shot by Derek Forbort.
10:39 of 1st period - Shot Misses the Net.
10:41 of 1st period - Shot by Clarke MacArthur.
10:41 of 1st period - Shot Blocked by Jake McCabe.
10:43 of 1st period - Shot by Joakim Nordstrom.
10:43 of 1st period - Stopped by Martin Jones without a rebound.
10:44 of 1st period - Radek Faksa wins face-off versus Gabriel Dumont in VANCOUVER Canucks zone.
10:47 of 1st period - Shot by Adam Lowry.
10:47 of 1st period - Deflect By Radek Faksa.
10:47 of 1st period - Shot Blocked by Patric Hornqvist.
11:07 of 1st period - Shot by Jake McCabe.
11:07 of 1st period - Stopped by Ryan Miller without a rebound.
11:08 of 1st period - Jay Beagle wins face-off versus Riley Sheahan in NEW YORK Islanders zone.
11:08 of 1st period - Jay Beagle is hit by Riley Sheahan.
11:13 of 1st period - Off-side.
11:14 of 1st period - Riley Sheahan wins face-off versus Martin Hanzal in neutral zone.
11:17 of 1st period - Shot by Zach Bogosian.
11:17 of 1st period - Deflect By Andrew Cogliano.
11:17 of 1st period - Shot Blocked by Adam Lowry.
11:39 of 1st period - Shot by Riley Sheahan.
11:39 of 1st period - Shot Misses the Net.
11:41 of 1st period - Shot by Daniel Winnik.
11:41 of 1st period - Goal by Daniel Winnik - VANCOUVER Canucks : 1 - NEW YORK Islanders : 0.
11:42 of 1st period - Jay Beagle wins face-off versus Ben Smith in neutral zone.
12:36 of 1st period - Jake McCabe is hit by Joakim Nordstrom and loses puck.
13:07 of 1st period - Derek Forbort is hit by Patric Hornqvist and loses puck.
13:18 of 1st period - Shot by Johnny Gaudreau.
13:18 of 1st period - Shot Misses the Net.
13:42 of 1st period - Paul Postma is hit by Adam Lowry.
13:51 of 1st period - Icing by Derek Forbort.
13:52 of 1st period - Radek Faksa wins face-off versus Riley Sheahan in NEW YORK Islanders zone.
16:12 of 1st period - Icing by Derek Forbort.
16:13 of 1st period - Martin Hanzal wins face-off versus Tomas Plekanec in NEW YORK Islanders zone.
17:00 of 1st period - Icing by Ryan Murray.
17:01 of 1st period - Daniel Winnik wins face-off versus Dmitrij Jaskin in NEW YORK Islanders zone.
17:53 of 1st period - Off-side.
17:54 of 1st period - Ben Smith wins face-off versus Jay Beagle in neutral zone.
17:58 of 1st period - Icing by Joakim Nordstrom.
17:59 of 1st period - Ben Smith wins face-off versus Joakim Nordstrom in NEW YORK Islanders zone.
19:13 of 1st period - Icing by Jake McCabe.
19:14 of 1st period - Tomas Plekanec wins face-off versus Radek Faksa in VANCOUVER Canucks zone.
19:26 of 1st period - Adam Lowry is hit by Jake McCabe and loses puck.
19:37 of 1st period - Shot by Johnny Gaudreau.
19:37 of 1st period - Stopped by Ryan Miller with a rebound.
Goals for this period are 1 for VANCOUVER Canucks vs 0 for NEW YORK Islanders.
Shots for this period are 8 for VANCOUVER Canucks vs 3 for NEW YORK Islanders.

2nd period


0:01 of 2nd period - Tomas Plekanec wins face-off versus Radek Faksa in neutral zone.
0:12 of 2nd period - Shot by Patric Hornqvist.
0:12 of 2nd period - Shot Misses the Net.
1:17 of 2nd period - Shot by Brett Connolly.
1:17 of 2nd period - Stopped by Martin Jones with a rebound.
1:33 of 2nd period - Shot by Dmitrij Jaskin.
1:33 of 2nd period - Shot Blocked by Riley Sheahan.
1:35 of 2nd period - Shot by Ryan Murray.
1:35 of 2nd period - Shot Blocked by Jake McCabe.
1:37 of 2nd period - Shot by Ryan Murray.
1:37 of 2nd period - Deflect By Dmitrij Jaskin.
1:37 of 2nd period - Stopped by Martin Jones with a rebound.
2:00 of 2nd period - Colton Parayko is hit by Daniel Winnik.
2:16 of 2nd period - Shot by Colton Parayko.
2:16 of 2nd period - Stopped by Martin Jones without a rebound.
2:17 of 2nd period - Tomas Plekanec wins face-off versus Martin Hanzal in VANCOUVER Canucks zone.
3:14 of 2nd period - Shot by Matt Moulson.
3:14 of 2nd period - Stopped by Martin Jones without a rebound.
3:15 of 2nd period - Ben Smith wins face-off versus Jay Beagle in VANCOUVER Canucks zone.
3:38 of 2nd period - Shot by Joakim Nordstrom.
3:38 of 2nd period - Shot Misses the Net.
3:50 of 2nd period - Joakim Nordstrom is hit by Matt Calvert and loses puck.
4:15 of 2nd period - Joakim Ryan is hit by Joakim Nordstrom.
4:37 of 2nd period - Shot by Riley Sheahan.
4:37 of 2nd period - Stopped by Ryan Miller without a rebound.
4:38 of 2nd period - Radek Faksa wins face-off versus Andrew Cogliano in NEW YORK Islanders zone.
5:13 of 2nd period - Shot by Radek Faksa.
5:13 of 2nd period - Shot Misses the Net.
5:39 of 2nd period - Brett Connolly is hit by Lance Bouma and loses puck.
5:44 of 2nd period - Shot by Matt Calvert.
5:44 of 2nd period - Shot Misses the Net.
5:58 of 2nd period - Shot by Matt Calvert.
5:58 of 2nd period - Stopped by Ryan Miller without a rebound.
5:59 of 2nd period - Tomas Plekanec wins face-off versus Justin Abdelkader in NEW YORK Islanders zone.
6:12 of 2nd period - Shot by Johnny Gaudreau.
6:12 of 2nd period - Stopped by Ryan Miller without a rebound.
6:13 of 2nd period - Radek Faksa wins face-off versus Gabriel Dumont in NEW YORK Islanders zone.
7:13 of 2nd period - Shot by Lance Bouma.
7:13 of 2nd period - Stopped by Ryan Miller without a rebound.
7:14 of 2nd period - Andrew Cogliano wins face-off versus Dmitrij Jaskin in NEW YORK Islanders zone.
7:19 of 2nd period - Shot by Daniel Winnik.
7:19 of 2nd period - Shot Blocked by Slater Koekkoek.
7:21 of 2nd period - Shot by Daniel Winnik.
7:21 of 2nd period - Stopped by Ryan Miller with a rebound.
7:23 of 2nd period - Shot by Andrew Cogliano.
7:23 of 2nd period - Shot Misses the Net.
7:25 of 2nd period - Shot by Christopher Tanev.
7:25 of 2nd period - Shot Blocked by Slater Koekkoek.
8:25 of 2nd period - Derek Forbort is hit by Ben Smith and loses puck.
8:31 of 2nd period - Icing by Derek Forbort.
8:32 of 2nd period - Tomas Plekanec wins face-off versus Dmitrij Jaskin in NEW YORK Islanders zone.
8:47 of 2nd period - Shot by Patric Hornqvist.
8:47 of 2nd period - Shot Misses the Net.
8:49 of 2nd period - Shot by Paul Postma.
8:49 of 2nd period - Shot Misses the Net.
8:51 of 2nd period - Shot by Zach Bogosian.
8:51 of 2nd period - Shot Misses the Net.
8:53 of 2nd period - Shot by Zach Bogosian.
8:53 of 2nd period - Stopped by Ryan Miller with a rebound.
8:55 of 2nd period - Shot by Johnny Gaudreau.
8:55 of 2nd period - Shot Misses the Net.
9:10 of 2nd period - Off-side.
9:11 of 2nd period - Riley Sheahan wins face-off versus Radek Faksa in neutral zone.
9:39 of 2nd period - Icing by Kevin Connauton.
9:40 of 2nd period - Radek Faksa wins face-off versus Ben Smith in NEW YORK Islanders zone.
9:57 of 2nd period - Shot by Ben Smith.
9:57 of 2nd period - Stopped by Ryan Miller without a rebound.
9:58 of 2nd period - Jay Beagle wins face-off versus Tomas Plekanec in NEW YORK Islanders zone.
9:58 of 2nd period - Ryan Murray is hit by Patric Hornqvist and loses puck.
10:35 of 2nd period - Minor Penalty to Zach Bogosian for Goalie Interference.
10:36 of 2nd period - Tomas Plekanec wins face-off versus Brett Connolly in VANCOUVER Canucks zone.
10:44 of 2nd period - Off-side.
10:45 of 2nd period - Dmitrij Jaskin wins face-off versus Tomas Plekanec in neutral zone.
11:49 of 2nd period - Shot by Kevin Connauton.
11:49 of 2nd period - Stopped by Martin Jones without a rebound.
11:50 of 2nd period - Patric Hornqvist wins face-off versus Martin Hanzal in VANCOUVER Canucks zone.
12:04 of 2nd period - Off-side.
12:05 of 2nd period - Radek Faksa wins face-off versus Andrew Cogliano in neutral zone.
12:29 of 2nd period - Shot by Derek Forbort.
12:29 of 2nd period - Shot Hit the Post.
12:31 of 2nd period - Shot by Jay Beagle.
12:31 of 2nd period - Goal by Jay Beagle - VANCOUVER Canucks : 1 - NEW YORK Islanders : 1.
12:32 of 2nd period - Martin Hanzal wins face-off versus Gabriel Dumont in neutral zone.
12:37 of 2nd period - Shot by Martin Hanzal.
12:37 of 2nd period - Stopped by Martin Jones with a rebound.
12:39 of 2nd period - Shot by Martin Hanzal.
12:39 of 2nd period - Shot Misses the Net.
12:45 of 2nd period - Shot by Martin Hanzal.
12:45 of 2nd period - Shot Misses the Net.
13:07 of 2nd period - Shot by Martin Hanzal.
13:07 of 2nd period - Shot Misses the Net.
13:47 of 2nd period - Shot by Joakim Nordstrom.
13:47 of 2nd period - Stopped by Martin Jones with a rebound.
14:02 of 2nd period - Shot by Andrew Cogliano.
14:02 of 2nd period - Shot Blocked by Slater Koekkoek.
14:04 of 2nd period - Shot by Daniel Winnik.
14:04 of 2nd period - Deflect By Andrew Cogliano.
14:04 of 2nd period - Shot Misses the Net.
14:10 of 2nd period - Shot by Andrew Cogliano.
14:10 of 2nd period - Stopped by Ryan Miller with a rebound.
16:42 of 2nd period - Martin Hanzal is hit by Christopher Tanev and loses puck.
16:46 of 2nd period - Icing by Zach Bogosian.
16:47 of 2nd period - Jay Beagle wins face-off versus Riley Sheahan in VANCOUVER Canucks zone.
16:50 of 2nd period - Minor Penalty to Clarke MacArthur for Slashing.
16:51 of 2nd period - Jay Beagle wins face-off versus Andrew Cogliano in NEW YORK Islanders zone.
17:20 of 2nd period - Shot by Daniel Winnik.
17:20 of 2nd period - Shot Misses the Net.
17:22 of 2nd period - Shot by Christopher Tanev.
17:22 of 2nd period - Shot Blocked by Colton Parayko.
17:24 of 2nd period - Shot by Christopher Tanev.
17:24 of 2nd period - Goal by Christopher Tanev - VANCOUVER Canucks : 2 - NEW YORK Islanders : 1.
17:25 of 2nd period - Dmitrij Jaskin wins face-off versus Gabriel Dumont in neutral zone.
17:32 of 2nd period - Shot by Derek Forbort.
17:32 of 2nd period - Stopped by Martin Jones without a rebound.
17:33 of 2nd period - Radek Faksa wins face-off versus Gabriel Dumont in VANCOUVER Canucks zone.
17:42 of 2nd period - Shot by Gabriel Dumont.
17:42 of 2nd period - Shot Misses the Net.
18:06 of 2nd period - Shot by Adam Lowry.
18:06 of 2nd period - Stopped by Martin Jones with a rebound.
18:08 of 2nd period - Shot by Derek Forbort.
18:08 of 2nd period - Deflect By Andrew Ladd.
18:08 of 2nd period - Stopped by Martin Jones without a rebound.
18:09 of 2nd period - Dmitrij Jaskin wins face-off versus Riley Sheahan in VANCOUVER Canucks zone.
18:09 of 2nd period - Brett Connolly is hit by Joakim Ryan and loses puck.
18:31 of 2nd period - Andrew Cogliano is hit by Martin Marincin and loses puck.
19:28 of 2nd period - Shot by Matt Calvert.
19:28 of 2nd period - Shot Misses the Net.
19:30 of 2nd period - Shot by Lance Bouma.
19:30 of 2nd period - Stopped by Ryan Miller without a rebound.
19:31 of 2nd period - Tomas Plekanec wins face-off versus Radek Faksa in NEW YORK Islanders zone.
19:46 of 2nd period - Shot by Tomas Plekanec.
19:46 of 2nd period - Shot Misses the Net.
19:48 of 2nd period - Shot by Tomas Plekanec.
19:48 of 2nd period - Shot Blocked by Derek Forbort.
19:50 of 2nd period - Shot by Tomas Plekanec.
19:50 of 2nd period - Shot Misses the Net.
19:52 of 2nd period - Shot by Johnny Gaudreau.
19:52 of 2nd period - Stopped by Ryan Miller without a rebound.
19:53 of 2nd period - Jay Beagle wins face-off versus Riley Sheahan in NEW YORK Islanders zone.
Goals for this period are 1 for VANCOUVER Canucks vs 1 for NEW YORK Islanders.
Shots for this period are 11 for VANCOUVER Canucks vs 11 for NEW YORK Islanders.

3rd period


0:01 of 3rd period - Tomas Plekanec wins face-off versus Radek Faksa in neutral zone.
0:08 of 3rd period - Shot by Tomas Plekanec.
0:08 of 3rd period - Shot Blocked by Colton Parayko.
0:17 of 3rd period - Off-side.
0:18 of 3rd period - Riley Sheahan wins face-off versus Dmitrij Jaskin in neutral zone.
0:44 of 3rd period - Icing by Ryan Murray.
0:45 of 3rd period - Tomas Plekanec wins face-off versus Dmitrij Jaskin in NEW YORK Islanders zone.
0:48 of 3rd period - Shot by Patric Hornqvist.
0:48 of 3rd period - Shot Misses the Net.
0:50 of 3rd period - Shot by Zach Bogosian.
0:50 of 3rd period - Shot Blocked by Martin Marincin.
0:52 of 3rd period - Shot by Tomas Plekanec.
0:52 of 3rd period - Stopped by Ryan Miller without a rebound.
0:53 of 3rd period - Tomas Plekanec wins face-off versus Radek Faksa in NEW YORK Islanders zone.
0:58 of 3rd period - Shot by Tomas Plekanec.
0:58 of 3rd period - Stopped by Ryan Miller without a rebound.
0:59 of 3rd period - Tomas Plekanec wins face-off versus Andrew Ladd in NEW YORK Islanders zone.
1:06 of 3rd period - Shot by Patric Hornqvist.
1:06 of 3rd period - Shot Blocked by Slater Koekkoek.
1:40 of 3rd period - Shot by Andrew Ladd.
1:40 of 3rd period - Shot Misses the Net.
2:08 of 3rd period - Icing by Ryan Murray.
2:09 of 3rd period - Riley Sheahan wins face-off versus Dmitrij Jaskin in NEW YORK Islanders zone.
2:18 of 3rd period - Shot by Matt Moulson.
2:18 of 3rd period - Stopped by Martin Jones with a rebound.
3:13 of 3rd period - Shot by Jay Beagle.
3:13 of 3rd period - Stopped by Martin Jones with a rebound.
3:15 of 3rd period - Shot by Colton Parayko.
3:15 of 3rd period - Stopped by Martin Jones without a rebound.
3:16 of 3rd period - Matt Calvert wins face-off versus Radek Faksa in VANCOUVER Canucks zone.
3:16 of 3rd period - Matt Calvert is hit by Andrew Ladd.
3:38 of 3rd period - Shot by Andrew Ladd.
3:38 of 3rd period - Stopped by Martin Jones without a rebound.
3:39 of 3rd period - Dmitrij Jaskin wins face-off versus Tomas Plekanec in VANCOUVER Canucks zone.
3:39 of 3rd period - Dmitrij Jaskin is hit by Zach Bogosian.
3:42 of 3rd period - Matt Moulson is hit by Zach Bogosian and loses puck.
3:48 of 3rd period - Dmitrij Jaskin is hit by Zach Bogosian and loses puck.
3:58 of 3rd period - Icing by Paul Postma.
3:59 of 3rd period - Radek Faksa wins face-off versus Tomas Plekanec in VANCOUVER Canucks zone.
4:08 of 3rd period - Shot by Patric Hornqvist.
4:08 of 3rd period - Shot Misses the Net.
4:22 of 3rd period - Shot by Tomas Plekanec.
4:22 of 3rd period - Stopped by Ryan Miller without a rebound.
4:23 of 3rd period - Ben Smith wins face-off versus Dmitrij Jaskin in NEW YORK Islanders zone.
5:01 of 3rd period - Brett Connolly is hit by Jake McCabe and loses puck.
5:30 of 3rd period - Icing by Radek Faksa.
5:31 of 3rd period - Radek Faksa wins face-off versus Tomas Plekanec in NEW YORK Islanders zone.
7:04 of 3rd period - Minor Penalty to Dmitrij Jaskin for Hooking.
7:05 of 3rd period - Andrew Cogliano wins face-off versus Jay Beagle in NEW YORK Islanders zone.
7:38 of 3rd period - Shot by Jake McCabe.
7:38 of 3rd period - Shot Misses the Net.
8:15 of 3rd period - Joakim Nordstrom is hit by Justin Bailey and loses puck.
9:21 of 3rd period - Shot by Lance Bouma.
9:21 of 3rd period - Shot Blocked by Derek Forbort.
9:23 of 3rd period - Shot by Lance Bouma.
9:23 of 3rd period - Stopped by Ryan Miller without a rebound.
9:24 of 3rd period - Tomas Plekanec wins face-off versus Radek Faksa in NEW YORK Islanders zone.
9:37 of 3rd period - Shot by Johnny Gaudreau.
9:37 of 3rd period - Stopped by Ryan Miller without a rebound.
9:38 of 3rd period - Riley Sheahan wins face-off versus Radek Faksa in NEW YORK Islanders zone.
9:55 of 3rd period - Shot by Riley Sheahan.
9:55 of 3rd period - Deflect By Daniel Winnik.
9:55 of 3rd period - Goal by Daniel Winnik - VANCOUVER Canucks : 3 - NEW YORK Islanders : 1.
9:56 of 3rd period - Ben Smith wins face-off versus Matt Moulson in neutral zone.
9:56 of 3rd period - Joakim Ryan is hit by Brett Connolly and loses puck.
10:16 of 3rd period - Matt Moulson is hit by Jason Demers and loses puck.
10:44 of 3rd period - Adam Lowry is hit by Lance Bouma and loses puck.
11:47 of 3rd period - Shot by Joakim Nordstrom.
11:47 of 3rd period - Stopped by Martin Jones without a rebound.
11:48 of 3rd period - Dmitrij Jaskin wins face-off versus Riley Sheahan in VANCOUVER Canucks zone.
12:11 of 3rd period - Shot by Matt Moulson.
12:11 of 3rd period - Deflect By Brett Connolly.
12:11 of 3rd period - Shot Misses the Net.
12:13 of 3rd period - Shot by Dmitrij Jaskin.
12:13 of 3rd period - Stopped by Martin Jones without a rebound.
12:14 of 3rd period - Martin Hanzal wins face-off versus Tomas Plekanec in VANCOUVER Canucks zone.
12:30 of 3rd period - Icing by Adam Lowry.
12:31 of 3rd period - Martin Hanzal wins face-off versus Riley Sheahan in NEW YORK Islanders zone.
12:46 of 3rd period - Shot by Daniel Winnik.
12:46 of 3rd period - Stopped by Ryan Miller with a rebound.
13:14 of 3rd period - Riley Sheahan is hit by Martin Marincin and loses puck.
13:39 of 3rd period - Tomas Plekanec is hit by Adam Lowry and loses puck.
13:53 of 3rd period - Off-side.
13:54 of 3rd period - Ben Smith wins face-off versus Dmitrij Jaskin in neutral zone.
14:05 of 3rd period - Shot by Ben Smith.
14:05 of 3rd period - Deflect By Matt Calvert.
14:05 of 3rd period - Stopped by Ryan Miller without a rebound.
14:06 of 3rd period - Jay Beagle wins face-off versus Gabriel Dumont in NEW YORK Islanders zone.
15:01 of 3rd period - Icing by Derek Forbort.
15:02 of 3rd period - Jay Beagle wins face-off versus Riley Sheahan in NEW YORK Islanders zone.
15:19 of 3rd period - Shot by Andrew Cogliano.
15:19 of 3rd period - Shot Misses the Net.
15:21 of 3rd period - Shot by Riley Sheahan.
15:21 of 3rd period - Stopped by Ryan Miller with a rebound.
15:23 of 3rd period - Shot by Jason Demers.
15:23 of 3rd period - Shot Blocked by Slater Koekkoek.
15:25 of 3rd period - Shot by Daniel Winnik.
15:25 of 3rd period - Stopped by Ryan Miller without a rebound.
15:26 of 3rd period - Lance Bouma wins face-off versus Radek Faksa in NEW YORK Islanders zone.
15:30 of 3rd period - Matt Calvert is hit by Colton Parayko and loses puck.
15:40 of 3rd period - Matt Calvert is hit by Colton Parayko and loses puck.
15:45 of 3rd period - Shot by Matt Calvert.
15:45 of 3rd period - Stopped by Ryan Miller with a rebound.
15:53 of 3rd period - Shot by Paul Postma.
15:53 of 3rd period - Deflect By Ben Smith.
15:53 of 3rd period - Shot Blocked by Kevin Connauton.
15:57 of 3rd period - Shot by Matt Calvert.
15:57 of 3rd period - Shot Misses the Net.
15:59 of 3rd period - Shot by Paul Postma.
15:59 of 3rd period - Shot Misses the Net.
18:06 of 3rd period - Shot by Ben Smith.
18:06 of 3rd period - Stopped by Ryan Miller with a rebound.
18:08 of 3rd period - Shot by Lance Bouma.
18:08 of 3rd period - Shot Blocked by Martin Marincin.
18:10 of 3rd period - Shot by Matt Calvert.
18:10 of 3rd period - Stopped by Ryan Miller without a rebound.
18:11 of 3rd period - Radek Faksa wins face-off versus Riley Sheahan in NEW YORK Islanders zone.
18:11 of 3rd period - Radek Faksa is hit by Daniel Winnik.
18:16 of 3rd period - Colton Parayko is hit by Joakim Ryan and loses puck.
18:31 of 3rd period - Shot by Daniel Winnik.
18:31 of 3rd period - Stopped by Ryan Miller without a rebound.
18:32 of 3rd period - Justin Abdelkader wins face-off versus Ben Smith in NEW YORK Islanders zone.
18:34 of 3rd period - Icing by Adam Lowry.
18:35 of 3rd period - Martin Hanzal wins face-off versus Ben Smith in NEW YORK Islanders zone.
18:59 of 3rd period - Shot by Martin Hanzal.
18:59 of 3rd period - Goal by Martin Hanzal - VANCOUVER Canucks : 3 - NEW YORK Islanders : 2.
19:00 of 3rd period - Radek Faksa wins face-off versus Andrew Cogliano in neutral zone.
19:03 of 3rd period - NEW YORK Islanders, Ryan Miller is pulled from the net.
19:03 of 3rd period - Shot by Justin Abdelkader.
19:03 of 3rd period - Shot Blocked by Christopher Tanev.
19:09 of 3rd period - Shot by Johnny Gaudreau.
19:09 of 3rd period - Goal by Johnny Gaudreau - VANCOUVER Canucks : 4 - NEW YORK Islanders : 2.
19:09 of 3rd period - Ryan Miller from NEW YORK Islanders was sent back in the game.
19:10 of 3rd period - Jay Beagle wins face-off versus Tomas Plekanec in neutral zone.
19:32 of 3rd period - Shot by Johnny Gaudreau.
19:32 of 3rd period - Deflect By Patric Hornqvist.
19:32 of 3rd period - Shot Blocked by Kevin Connauton.
19:34 of 3rd period - Shot by Tomas Plekanec.
19:34 of 3rd period - Shot Misses the Net.
19:46 of 3rd period - Shot by Patric Hornqvist.
19:46 of 3rd period - Shot Misses the Net.
19:48 of 3rd period - Shot by Christopher Tanev.
19:48 of 3rd period - Stopped by Ryan Miller without a rebound.
19:49 of 3rd period - Riley Sheahan wins face-off versus Radek Faksa in NEW YORK Islanders zone.
Goals for this period are 2 for VANCOUVER Canucks vs 1 for NEW YORK Islanders.
Shots for this period are 16 for VANCOUVER Canucks vs 7 for NEW YORK Islanders.